 Dungeon Crawl Stone Soup version 0.29-a0-892-g2c4c91d9db (webtiles) character file.

Game seed: 12976764133248486628

199 Demosthentine the Poker (level 5, -3/41 HPs)
             Began as a Merfolk Gladiator on July 23, 2022.
             Slain by a gnoll bouda
             ... wielding a +0 whip
              (9 damage)
             ... on level 3 of the Dungeon.
             The game lasted 00:04:22 (3378 turns).

Demosthentine the Poker (Merfolk Gladiator)         Turns: 3378, Time: 00:04:22

Health: -3/41      AC:  6    Str: 16    XL:     5   Next: 77%
Magic:  5/5        EV: 14    Int:  7    God:
Gold:   131        SH:  0    Dex: 16    Spells: 4/4 levels left

rFire   . . .      SeeInvis .   a - +1 trident
rCold   . . .      Faith    .   (no shield)
rNeg    . . .      Spirit   .   b - +0 leather armour
rPois   .          Reflect  .   c - +0 helmet
rElec   .          Harm     .   (no cloak)
rCorr   .          Rampage  .   g - +1 pair of gloves
Will    .....                   (no boots)
Stlth   +.........              (no amulet)
HPRegen 0.13/turn               (no ring)
MPRegen 0.09/turn               (no ring)

@: no status effects
A: (nimble swimmer 2), mertail
a: no special abilities


You were on level 3 of the Dungeon.
You visited 1 branch of the dungeon, and saw 4 of its levels.

You collected 131 gold pieces.

Inventory:

Hand Weapons
 a - a +1 trident (weapon)
Missiles
 d - 3 throwing nets (quivered)
 e - a javelin
Armour
 b - a +0 leather armour (worn)
 c - a +0 helmet (worn)
 g - a +1 pair of gloves (worn)
Jewellery
 m - a ring of positive energy
Wands
 o - a wand of iceblast (8)
Scrolls
 i - a scroll of enchant weapon
 n - a scroll of identify
 p - a scroll of fear {unknown}
Potions
 f - 4 potions of curing
 h - 2 potions of mutation
 j - a potion of heal wounds
 k - a potion of resistance
 l - a potion of flight


   Skills:
 + Level 3.6 Fighting
 + Level 5.4 Polearms
 - Level 2.0 Throwing
 + Level 1.7 Armour
 + Level 5.4 Dodging


You had 4 spell levels left.
You didn't know any spells.
Your spell library was empty.

Dungeon Overview and Level Annotations

Branches:
Dungeon (4/15)
 Temple: D:4-7

Altars:
Yredelemnul

Shops:
D:1 !   D:3 :


Innate Abilities, Weirdness & Mutations

((You are very nimble when in or above water. (Stealth+, EV+, Speed+++)))
Your lower body shifts to a powerful aquatic tail in water.


Message History

A gnoll comes into view. It is wielding a +0 whip.
The gnoll shouts!
You barely miss the gnoll bouda.
The gnoll bouda hits you with a +0 whip!
You hit the gnoll bouda.
The gnoll bouda is lightly wounded.
The gnoll bouda misses you. The gnoll closely misses you.
You completely miss the gnoll bouda.
The gnoll bouda is lightly wounded.
Your attacks no longer feel as feeble.
The gnoll hits you from afar with a +0 spear.
The gnoll hits you with a +0 whip. The gnoll attacks as you move away!
The gnoll misses you. The gnoll closely misses you.
The gnoll bouda closely misses you.
There is a stone staircase leading up here.
Your library has no spells.
The gnoll hits you but does no damage.
The gnoll hits you from afar with a +0 spear.
The gnoll bouda completely misses you.
You climb upwards.
There is a stone staircase leading down, spattered with blood here.
You hit the gnoll bouda but do no damage.
The gnoll bouda is lightly wounded.
The gnoll hits you with a +0 whip. The gnoll bouda closely misses you.
You hit the gnoll bouda.
The gnoll bouda is lightly wounded.
The gnoll hits you with a +0 whip.
The gnoll bouda hits you with a +0 whip.
* * * LOW HITPOINT WARNING * * *
You puncture the gnoll bouda!
The gnoll bouda is heavily wounded.
The gnoll hits you with a +0 whip.
* * * LOW HITPOINT WARNING * * *
The gnoll bouda hits you with a +0 whip.
* * * LOW HITPOINT WARNING * * *
You barely miss the gnoll bouda.
The gnoll bouda is heavily wounded.
The gnoll closely misses you.
The gnoll bouda hits you with a +0 whip!
You die...

..............#
######.###.###.##
......######### ###
####### ##....# #.#
###.#.### #.# #...#...#
#.# #.#####.######## #.#
#...#..........## #.#
###.#.##.##....g## #.#
#...##.#......@########
#.# #
#..##........g.)......#
#.###
###..#)..........######.#
#...# ##..............##
#.# ###<#
.).#######.#)..## #.# #.#
##.# #.# #.##.## #.# #.#
##.# #.# #.##.# #.# #.#
##.# #.# #.##.# ##.## #†#
##.###.###.##.#
#...####.#


You could see a gnoll bouda and a gnoll (swift).

Vanquished Creatures
  A scorpion (D:4)
  An orc priest (D:3)
  2 gnolls (D:3)
  3 adders
  3 worms
  A dart slug (D:4)
  2 orcs (D:3)
  6 endoplasms
  3 giant cockroaches
  5 hobgoblins
  3 jackals (D:3)
  4 kobolds
  2 quokkas
  3 ball pythons
  4 bats
  4 frilled lizards
  4 goblins
  5 rats
56 creatures vanquished.

Notes
Turn   | Place    | Note
-------+----------+-------------------------------------------
     0 | D:1      | Demosthentine the Merfolk Gladiator began the quest for the
                  | Orb.
     0 | D:1      | Reached XP level 1. HP: 16/16 MP: 1/1
   147 | D:1      | Found Dyevuz's Distillery.
   160 | D:1      | Reached XP level 2. HP: 12/23 MP: 2/2
   354 | D:1      | Found a faded altar of an unknown god.
  1051 | D:2      | Reached XP level 3. HP: 28/28 MP: 3/3
  1642 | D:2      | Reached skill level 1 in Armour
  2177 | D:3      | Reached XP level 4. HP: 34/34 MP: 4/4
  2306 | D:3      | Found Amanov's Book Boutique.
  2465 | D:3      | Reached skill level 5 in Polearms
  2889 | D:3      | Reached skill level 5 in Dodging
  2968 | D:3      | Found a basalt altar of Yredelemnul.
  3137 | D:4      | Noticed a scorpion
  3141 | D:4      | Killed a scorpion
  3142 | D:4      | Reached XP level 5. HP: 41/41 MP: 5/5
  3378 | D:3      | Slain by a gnoll bouda

Illustrated notes

Levels and vault maps discovered:
D:1:      wander_arrival_peaceful_grave, layout_loops_ring, serial_shops,
          nicolae_shop_stone, basic_ecumenical_altar
D:2:      layout_basic, minivault_4
D:3:      layout_loops_ring, general_overflow_altar, serial_shops,
          nicolae_shop_behind_doors, chequers_jeans, grunt_decor_resistance
D:4:      layout_cave_pools, mainiacjoe_overflow_concentric_impassable,
          nicolae_overflow_squiral, minmay_temple_entry_statues, serial_shops,
          nicolae_shop_waterfront, serial_column_ruins,
          column_ruins_columns_straight, column_ruins_grid_1,
          column_ruins_open_tiny, column_ruins_grid_1, column_ruins_corridor_T,
          kennysheep_nondescript, lemuel_flame_loot_1

Skill      XL: |  1  2  3  4 |
---------------+-------------+-----
Armour         | 1 |  1.7
Fighting       | 3 |  3.6
Polearms       | 5 |  5.4
Dodging        | 5 |  5.4
Throwing       | |  2.0

Action                   |  1- 3 |  4- 6 || total
-------------------------+-------+-------++-------
Melee: Trident           |   135 |    71 ||   206
       Punch             |     1 |     1 ||     2
  Use: Scroll            |     7 |     4 ||    11
 Stab: Sleeping          |     6 |       ||     6
Armor: Leather armour    |    22 |    13 ||    35
Dodge: Dodged            |    73 |    48 ||   121

Table legend: (Time is in decaauts)
 A = Elapsed time spent in this place.
 B = Non-inter-level travel time spent in this place.
 C = Inter-level travel time spent in this place.
 D = Time resting spent in this place.
 E = Time spent auto-exploring this place.
 F = Levels seen in this place.
 G = Mean time per level.
                   A        B        C        D        E       F      G
               +--------+--------+--------+--------+--------+-----+--------+
         Total |   3390 |   3309 |     81 |    274 |   2593 |   4 |  847.5 |
       Dungeon |   3390 |   3309 |     81 |    274 |   2593 |   4 |  847.5 |
               +--------+--------+--------+--------+--------+-----+--------+

Top non-repeatable levels by time:
     D:3: 1309 daAuts
     D:2: 1105 daAuts
     D:1: 925 daAuts
     D:4: 50 daAuts
